 Dungeon Crawl Stone Soup version 0.21.0-24-g2553a33 (webtiles) character file.

6 Monsterracer the Shooter (level 1, -1/19 HPs)
             Began as a Naga Hunter on Jan 19, 2018.
             Slain by a hobgoblin (2 damage)
             ... on level 1 of the Dungeon.
             The game lasted 00:00:22 (96 turns).

Monsterracer the Shooter (Naga Hunter)                Turns: 96, Time: 00:00:22

Health: -1/19      AC:  1    Str: 14    XL:     1   Next: 90%
Magic:  1/1        EV:  9    Int: 11    God:
Gold:   0          SH:  0    Dex: 11    Spells: 0/0 levels left

rFire    . . .     SeeInvis +   b - +0 short sword
rCold    . . .     Gourm    .   (no shield)
rNeg     . . .     Faith    .   f - +0 leather armour
rPois    +         Spirit   .   (no helmet)
rElec    .         Reflect  .   (no cloak)
rCorr    .         Harm     .   (no gloves)
MR       .....                  (no barding)
Stlth    +.........             (no amulet)
HPRegen  0.06/turn              (no ring)
MPRegen  0.07/turn              (no ring)

@: short of breath, very slow
A: large, see invisible, deformed body, poison resistance, slowness 2, slow
metabolism 1, spit poison 1, AC +0
a: Spit Poison


You were on level 1 of the Dungeon.
You were not hungry.

You visited 1 branch of the dungeon, and saw 1 of its levels.

Inventory:

Hand Weapons
 a - a +1 shortbow
 b - a +0 short sword (weapon)
Missiles
 d - 20 arrows
Armour
 f - a +0 leather armour (worn)
Jewellery
 e - an uncursed ring of ice
Comestibles
 c - a ration


   Skills:
 + Level 2.1 Fighting
 * Level 3.8 Bows
 - Level 1.5 Dodging
 - Level 1.5 Stealth


You couldn't memorise any spells.
You didn't know any spells.

Dungeon Overview and Level Annotations

Branches:
Dungeon (1/15)

Altars:


Innate Abilities, Weirdness & Mutations

You cannot wear boots.
Your serpentine skin is tough. (AC +0)
You have supernaturally acute eyesight. (SInv)
Armour fits poorly on your strangely shaped body.
Your system is resistant to poisons. (rPois)
You cover ground very slowly.
You have a slow metabolism.
You can spit poison.


Message History

c - a ration;
f - a +0 leather armour (worn)
Welcome, Monsterracer the Naga Hunter.
Will you prevail where others failed? Will you find the Orb of Zot?
Press ? for a list of commands and other information.
Found a staircase leading out of the dungeon.
Unknown command.
You open the door.
There is an open door here.
As you open the gate, it creaks loudly!
There is an open gate here.
e - a granite ring A jackal comes into view.
b - a +0 short sword (weapon)
The jackal barks!
You hear a bark!
You hear a shout! x2
A jackal comes into view.
A kobold comes into view. It is wielding a club.
The kobold shouts!
You hear a bark! 2 jackals come into view.
The jackal moves out of view.
Press: ? - help, Shift-Dir - straight line, f - kobold
Aim: a kobold, wielding a club The splash of poison misses the kobold.
The splash of poison hits the jackal.
The jackal appears unharmed.
You feel slightly more hungry. The kobold closely misses you.
You hit the kobold.
You kill the kobold!
A hobgoblin comes into view.
You closely miss the jackal. The jackal bites you.
The hobgoblin moves out of view.
You take 2 damage, and have 17/19 hp.
The jackal barks!
You hit the jackal.
You kill the jackal!
You have got your breath back.
The jackal bites you.
You take 1 damage, and have 16/19 hp.
Put on which piece of jewellery? (? for menu, Esc to quit)
You feel more attuned to ice.
e - a ring of ice (left hand)
You hit the jackal.
The jackal is moderately wounded.
The jackal bites you. The jackal barely misses you.
You take 1 damage, and have 15/19 hp.
You closely miss the jackal.
The jackal is moderately wounded.
The jackal bites you but does no damage.
The jackal bites you.
You take 1 damage, and have 14/19 hp.
You are too injured to fight recklessly!
You are too injured to fight recklessly!
You are too injured to fight recklessly!
You are too injured to fight recklessly!
You remove your ring of ice.
The jackal closely misses you.
You hit the jackal.
The jackal is almost dead.
The jackal bites you. x2
You take 3 damage, and have 11/19 hp.
You hit the jackal.
You kill the jackal!
The jackal closely misses you.
Press: ? - help, Shift-Dir - straight line, f - jackal
Aim: a jackal The splash of poison hits the jackal.
You kill the jackal!
You feel slightly more hungry.
You hit the jackal but do no damage. The jackal barely misses you.
The jackal bites you.
You take 1 damage, and have 11/19 hp.
You closely miss the jackal. The jackal misses you.
You closely miss the jackal. The jackal bites you.
* * * LOW HITPOINT WARNING * * *
The jackal barely misses you.
You take 2 damage, and have 9/19 hp.
You hit the jackal.
You kill the jackal!
You have got your breath back.
Press: ? - help, Shift-Dir - straight line, f - hobgoblin
Aim: a hobgoblin The splash of poison misses the hobgoblin.
You feel slightly more hungry. The hobgoblin hits you.
* * * LOW HITPOINT WARNING * * *
You take 3 damage, and have 6/19 hp.
You barely miss the hobgoblin. The hobgoblin hits you.
* * * LOW HITPOINT WARNING * * *
You take 5 damage, and have 1/19 hp.
MASSIVE DAMAGE!!
You closely miss the hobgoblin. The hobgoblin hits you.
You die...

.# .###### .......
....... .......
.......
######.......
#..@g).......
#.########### #.#
#.# ## #.# ♣♣♣. #.#
##♣♣... #.#
###♣......
#.######♣♣♣....♣♣♣#'
#.............♣♣###.


You could see a hobgoblin.

Vanquished Creatures
  4 jackals (D:1)
  A kobold (D:1)
5 creatures vanquished.

Notes
Turn   | Place    | Note
-------+----------+-------------------------------------------
     0 | D:1      | Monsterracer the Naga Hunter began the quest for the Orb.
     0 | D:1      | Reached XP level 1. HP: 19/19 MP: 1/1
    92 | D:1      | HP: 9/19 [jackal (2)]
    95 | D:1      | HP: 1/19 [hobgoblin (5)]
    96 | D:1      | Slain by a hobgoblin

Action                   || total
-------------------------++-------
Melee: Short sword       ||    13
 Abil: Spit Poison       ||     3
Armor: Leather armour    ||     1
Dodge: Dodged            ||     7

Vault maps used:
D:1:      sevenhm_arrival_forest_fort_large_2, minmay_quantized
